PBL
CANTON INDIANS @ PARIS CUBS
10/02/2044
 
TOP OF THE 1ST
Canton Indians batting - Pitching for Paris Cubs : RHP Ryohei Uda
Pitching: RHP Ryohei Uda
Batting: RHB Kenzo Shinoda 0-0: Ground out 5-3 (Groundball, 5S, EV 88.8 MPH)
Batting: RHB Carlos Abrego 0-0: Ball
1-0: Ball
2-0: Swinging Strike
2-1: Foul Ball, location: 2F
2-2: Strikes out looking
Batting: LHB Dave Key 0-0: Ball
1-0: Foul Ball, location: 2F
1-1: Ball
2-1: Foul Ball, location: 2F
2-2: Strikes out looking
Top of the 1st over - 0 runs, 0 hits, 0 errors, 0 left on base; Canton 0 - Paris 0
BOTTOM OF THE 1ST
Paris Cubs batting - Pitching for Canton Indians : LHP Alec Valencia
Pitching: LHP Alec Valencia
Batting: RHB Du Kim 0-0: Foul Ball, location: 2F
0-1: Called Strike
0-2: Ball
1-2: Ball
2-2: Ball
3-2: Foul Ball, location: 2F
3-2: Strikes out swinging
Batting: RHB Ricardo Aguinaga 0-0: Ball
1-0: Called Strike
1-1: Ball
2-1: Ball
3-1: Foul Ball, location: 2F
3-2: Base on Balls
Batting: RHB Denis Rachin 0-0: Ball
1-0: DOUBLE (Line Drive, 7LM, EV 93.1 MPH)
Ricardo Aguinaga to third
Batting: RHB Gilberto Alvarado 0-0: Ball
1-0: DOUBLE (Line Drive, 78M, EV 90.6 MPH)
Ricardo Aguinaga scores
Denis Rachin scores
Batting: LHB Emir Jalil 0-0: Called Strike
0-1: Swinging Strike
0-2: Ball
1-2: Foul Ball, location: 2F
1-2: Ball
2-2: Ball
3-2: Strikes out swinging
Pitching: RHP Howard Allen
Batting: RHB Khalil Stephens 0-0: SINGLE (Line Drive, 7LS, EV 109.4 MPH)
Gilberto Alvarado to third
Runner from 3rd tries for Home, SAFE, throw by LF to home
Batting: RHB Josh Burns 0-0: Ball
Khalil Stephens is caught stealing 2nd base 2-4
Bottom of the 1st over - 3 runs, 3 hits, 0 errors, 0 left on base; Canton 0 - Paris 3
TOP OF THE 2ND
Canton Indians batting - Pitching for Paris Cubs : RHP Ryohei Uda
Batting: LHB Shane Montalvo 0-0: Foul Ball, location: 2F
0-1: Ground out 4-3 (Groundball, 4, EV 77.5 MPH)
Batting: RHB Kevin Trull 0-0: Ball
1-0: Called Strike
1-1: Swinging Strike
1-2: Fly out, F8 (Flyball, 89M, EV 93.1 MPH)
Batting: RHB John Bianconi 0-0: Ground out 6-3 (Groundball, 6, EV 76.9 MPH)
Top of the 2nd over - 0 runs, 0 hits, 0 errors, 0 left on base; Canton 0 - Paris 3
BOTTOM OF THE 2ND
Paris Cubs batting - Pitching for Canton Indians : RHP Howard Allen
Batting: RHB Josh Burns 0-0: Ball
1-0: Foul Ball, location: 2F
1-1: Swinging Strike
1-2: Ball
2-2: Ball
3-2: Foul Ball, location: 2F
3-2: SINGLE (Groundball, P, EV 83.8 MPH) (infield hit)
Batting: LHB Hiroki Yamamoto 0-0: Called Strike
0-1: Ball
1-1: SINGLE (Line Drive, 56D, EV 103.8 MPH)
Josh Burns to second
Batting: RHB Alvaro Romero 0-0: Called Strike
0-1: Ball
1-1: Called Strike
1-2: Ball
2-2: Foul Ball, location: 2F
2-2: Strikes out looking
Pitching: RHP Chris Cohen
Batting: RHB Du Kim 0-0: Called Strike
0-1: Swinging Strike
0-2: Strikes out swinging
Batting: RHB Ricardo Aguinaga 0-0: Ball
1-0: Foul Ball, location: 2F
1-1: Swinging Strike
1-2: Foul Ball, location: 2F
1-2: Foul Ball, location: 2F
1-2: Foul Ball, location: 2F
1-2: Ball
2-2: Ball
3-2: SINGLE (Groundball, 56D, EV 103.1 MPH)
Josh Burns to third
Hiroki Yamamoto to second
Josh Burns scores
Hiroki Yamamoto to third
Batting: RHB Denis Rachin 0-0: Ball
1-0: Ball
2-0: Ground out 5-3 (Groundball, 5S, EV 86.2 MPH)
Bottom of the 2nd over - 1 run, 3 hits, 0 errors, 2 left on base; Canton 0 - Paris 4
TOP OF THE 3RD
Canton Indians batting - Pitching for Paris Cubs : RHP Ryohei Uda
Batting: RHB Steve Gusman 0-0: Ball
1-0: Ball
2-0: Called Strike
2-1: Ball
3-1: SINGLE (Line Drive, 78M, EV 107.5 MPH)
Batting: RHB Jason Roberts 0-0: Ball
1-0: Ball
Steve Gusman is caught stealing 2nd base 2-4
2-0: Foul Ball, location: 2F
2-1: Ball
3-1: Ground out 3-1 (Groundball, 34S, EV 68.1 MPH)
Batting: LHB Rich Walker 0-0: Ball
1-0: SINGLE (Line Drive, 8RM, EV 88.8 MPH)
Batting: RHB Kenzo Shinoda 0-0: SINGLE (Groundball, 34, EV 106.2 MPH)
Rich Walker to second
Throwing error, E9
Rich Walker scores
Kenzo Shinoda to second
Batting: RHB Carlos Abrego 0-0: Called Strike
0-1: Ball
1-1: Ground out 6-3 (Groundball, 6, EV 86.2 MPH)
Top of the 3rd over - 1 run, 3 hits, 1 error, 1 left on base; Canton 1 - Paris 4
BOTTOM OF THE 3RD
Paris Cubs batting - Pitching for Canton Indians : RHP Chris Cohen
Batting: RHB Gilberto Alvarado 0-0: Fly out, F8 (Flyball, 8RS, EV 88.1 MPH)
Batting: LHB Emir Jalil 0-0: Ball
1-0: Foul Ball, location: 2F
1-1: Ball
2-1: Foul Ball, location: 2F
2-2: Strikes out swinging
Pitching: RHP Terry Sterling
Batting: RHB Khalil Stephens 0-0: Ball
1-0: Ball
2-0: Fly out, F9 (Flyball, 9LD, EV 101.2 MPH)
Bottom of the 3rd over - 0 runs, 0 hits, 0 errors, 0 left on base; Canton 1 - Paris 4
TOP OF THE 4TH
Canton Indians batting - Pitching for Paris Cubs : RHP Ryohei Uda
Batting: LHB Dave Key 0-0: Called Strike
0-1: Called Strike
0-2: Ball
1-2: Strikes out swinging
Batting: LHB Shane Montalvo 0-0: Ball
1-0: Foul Ball, location: 2F
1-1: Called Strike
1-2: Ball
2-2: Strikes out looking
Batting: RHB Kevin Trull 0-0: Ball
1-0: Ball
2-0: Ball
3-0: Fly out, F8 (Flyball, 8LD, EV 104.4 MPH)
Top of the 4th over - 0 runs, 0 hits, 0 errors, 0 left on base; Canton 1 - Paris 4
BOTTOM OF THE 4TH
Paris Cubs batting - Pitching for Canton Indians : RHP Terry Sterling
Batting: RHB Josh Burns 0-0: Ball
1-0: Fly out, F4 (Popup, 4S, EV 78.8 MPH)
Batting: LHB Hiroki Yamamoto 0-0: Ball
1-0: Called Strike
1-1: Ball
2-1: Fly out, F9 (Flyball, 9S, EV 85.6 MPH)
Batting: RHB Alvaro Romero 0-0: Called Strike
0-1: Ball
1-1: Swinging Strike
1-2: Ball
2-2: Ball
3-2: Fly out, F4 (Line Drive, 4, EV 65.0 MPH)
Bottom of the 4th over - 0 runs, 0 hits, 0 errors, 0 left on base; Canton 1 - Paris 4
TOP OF THE 5TH
Canton Indians batting - Pitching for Paris Cubs : RHP Ryohei Uda
Batting: RHB John Bianconi 0-0: Called Strike
0-1: Foul Ball, location: 2F
0-2: Fly out, F8 (Flyball, 8RD, EV 99.4 MPH)
Batting: RHB Steve Gusman 0-0: Ground out 6-3 (Groundball, 6, EV 83.1 MPH)
Batting: RHB Jason Roberts 0-0: Called Strike
0-1: Ball
1-1: Fly out, F3 (Flyball, 3D, EV 92.5 MPH)
Top of the 5th over - 0 runs, 0 hits, 0 errors, 0 left on base; Canton 1 - Paris 4
BOTTOM OF THE 5TH
Paris Cubs batting - Pitching for Canton Indians : RHP Terry Sterling
Batting: RHB Du Kim 0-0: Foul Ball, location: 2F
0-1: Swinging Strike
0-2: Ball
1-2: Ground out 4-3 (Groundball, 4, EV 86.9 MPH)
Pitching: RHP Ian Nordquist
Batting: RHB Ricardo Aguinaga 0-0: Swinging Strike
0-1: Ball
1-1: Ball
2-1: Foul Ball, location: 2F
2-2: Ball
3-2: Strikes out swinging
Batting: RHB Denis Rachin 0-0: Ground out 5-3 (Groundball, 56, EV 79.4 MPH)
Bottom of the 5th over - 0 runs, 0 hits, 0 errors, 0 left on base; Canton 1 - Paris 4
TOP OF THE 6TH
Canton Indians batting - Pitching for Paris Cubs : RHP Ryohei Uda
Batting: LHB Rich Walker 0-0: Called Strike
0-1: Called Strike
0-2: Strikes out swinging
Batting: RHB Kenzo Shinoda 0-0: Called Strike
0-1: Ball
1-1: Foul Ball, location: 2F
1-2: Strikes out swinging
Batting: RHB Carlos Abrego 0-0: Ball
1-0: Ball
2-0: Ball
3-0: Base on Balls
Batting: LHB Dave Key 0-0: Ball
1-0: 2-RUN HOME RUN (Flyball, 9LD, EV 98.8 MPH), Distance : 357 ft
Batting: LHB Shane Montalvo 0-0: Ball
1-0: Called Strike
1-1: Swinging Strike
1-2: Ball
2-2: Strikes out swinging
Top of the 6th over - 2 runs, 1 hit, 0 errors, 0 left on base; Canton 3 - Paris 4
BOTTOM OF THE 6TH
Paris Cubs batting - Pitching for Canton Indians : RHP Ian Nordquist
Batting: RHB Gilberto Alvarado 0-0: Called Strike
0-1: Ball
1-1: Ball
2-1: Called Strike
2-2: Foul Ball, location: 2F
2-2: Ball
3-2: Strikes out swinging
Batting: LHB Emir Jalil 0-0: Foul Ball, location: 2F
0-1: Fly out, F9 (Flyball, 89XD, EV 86.2 MPH)
Batting: RHB Khalil Stephens 0-0: Called Strike
0-1: Fly out, F9 (Flyball, 9S, EV 83.8 MPH)
Bottom of the 6th over - 0 runs, 0 hits, 0 errors, 0 left on base; Canton 3 - Paris 4
TOP OF THE 7TH
Canton Indians batting - Pitching for Paris Cubs : RHP Ryohei Uda
Now in LF: Puluke Konane
Now in RF: Gilberto Alvarado
Batting: RHB Kevin Trull 0-0: Called Strike
0-1: Ball
1-1: SINGLE (Flyball, 34D, EV 88.8 MPH)
Batting: RHB John Bianconi 0-0: Called Strike
0-1: Ball
1-1: Fielders Choice at 2nd, 6-4 (Groundball, 6, EV 86.2 MPH)
Batting: RHB Steve Gusman 0-0: Swinging Strike
0-1: Ball
1-1: Called Strike
1-2: Foul Ball, location: 2F
1-2: Foul Ball, location: 2F
1-2: SINGLE (Line Drive, 9S, EV 98.8 MPH)
John Bianconi to second
Batting: RHB Jason Roberts 0-0: Ball
1-0: Called Strike
1-1: Fly out, F7 (Line Drive, 7D, EV 92.5 MPH)
Batting: LHB Rich Walker 0-0: SINGLE (Groundball, 4MD, EV 100.6 MPH)
John Bianconi to third
Steve Gusman to second
Runner from 3rd tries for Home, SAFE, throw by CF to home
Batting: RHB Kenzo Shinoda 0-0: Ball
1-0: Called Strike
1-1: Fielders Choice at 2nd, 5-4 (Groundball, 56, EV 86.2 MPH)
Top of the 7th over - 1 run, 3 hits, 0 errors, 2 left on base; Canton 4 - Paris 4
BOTTOM OF THE 7TH
Paris Cubs batting - Pitching for Canton Indians : RHP Ian Nordquist
Pitching: RHP Nate Souza
Batting: RHB Josh Burns 0-0: Swinging Strike
0-1: Swinging Strike
0-2: Ball
1-2: Strikes out looking
Batting: LHB Hiroki Yamamoto 0-0: Swinging Strike
0-1: Ball
1-1: Swinging Strike
1-2: Foul Ball, location: 2F
1-2: Ball
2-2: Strikes out swinging
Batting: RHB Alvaro Romero 0-0: Called Strike
0-1: Ball
1-1: Foul Ball, location: 2F
1-2: Strikes out swinging
Bottom of the 7th over - 0 runs, 0 hits, 0 errors, 0 left on base; Canton 4 - Paris 4
TOP OF THE 8TH
Canton Indians batting - Pitching for Paris Cubs : RHP Ryohei Uda
Batting: RHB Carlos Abrego 0-0: Called Strike
0-1: Swinging Strike
0-2: Ball
1-2: Foul Ball, location: 2F
1-2: Foul Ball, location: 2F
1-2: Strikes out swinging
Batting: LHB Dave Key 0-0: Ball
1-0: Called Strike
1-1: Ball
2-1: Foul Ball, location: 2F
2-2: Foul Ball, location: 2F
2-2: Ball
3-2: Ground out U3 (Groundball, 34, EV 101.9 MPH)
Batting: LHB Shane Montalvo 0-0: Foul Ball, location: 2F
0-1: SINGLE (Groundball, 4MS, EV 67.5 MPH) (infield hit)
Batting: RHB Kevin Trull 0-0: Ball
1-0: Called Strike
1-1: Called Strike
1-2: Ball
2-2: Strikes out swinging
Top of the 8th over - 0 runs, 1 hit, 0 errors, 1 left on base; Canton 4 - Paris 4
BOTTOM OF THE 8TH
Paris Cubs batting - Pitching for Canton Indians : RHP Nate Souza
Batting: RHB Du Kim 0-0: Ball
1-0: Swinging Strike
1-1: Swinging Strike
1-2: Ball
2-2: Strikes out looking
Batting: RHB Ricardo Aguinaga 0-0: Called Strike
0-1: Ball
1-1: Swinging Strike
1-2: Foul Ball, location: 2F
1-2: Strikes out looking
Batting: RHB Denis Rachin 0-0: Called Strike
0-1: Fly out, F9 (Flyball, 9, EV 89.4 MPH)
Bottom of the 8th over - 0 runs, 0 hits, 0 errors, 0 left on base; Canton 4 - Paris 4
TOP OF THE 9TH
Canton Indians batting - Pitching for Paris Cubs : RHP Ryohei Uda
Batting: RHB John Bianconi 0-0: Called Strike
0-1: Ball
1-1: Ball
2-1: Ground out 4-3 (Groundball, 4, EV 87.5 MPH)
Batting: RHB Steve Gusman 0-0: Fly out, F9 (Flyball, 9D, EV 83.8 MPH)
Batting: RHB Jason Roberts 0-0: Ball
1-0: Fly out, F8 (Flyball, 8RD, EV 100.6 MPH)
Top of the 9th over - 0 runs, 0 hits, 0 errors, 0 left on base; Canton 4 - Paris 4
BOTTOM OF THE 9TH
Paris Cubs batting - Pitching for Canton Indians : RHP Nate Souza
Batting: RHB Gilberto Alvarado 0-0: Ball
1-0: Called Strike
1-1: Foul Ball, location: 2F
1-2: Ball
2-2: Foul Ball, location: 2F
2-2: Ground out 4-3 (Groundball, 4M, EV 85.0 MPH)
Batting: RHB Puluke Konane 0-0: Called Strike
0-1: Ball
1-1: Ball
2-1: Foul Ball, location: 2F
2-2: DOUBLE (Line Drive, 7LS, EV 109.4 MPH)
Batting: RHB Khalil Stephens 0-0: Called Strike
Puluke Konane steals 3rd base (no throw)
0-1: Swinging Strike
0-2: Strikes out looking
Batting: RHB Josh Burns 0-0: Foul Ball, location: 2F
0-1: Ball
1-1: Ball
2-1: Called Strike
2-2: Foul Ball, location: 2F
2-2: Strikes out swinging
Bottom of the 9th over - 0 runs, 1 hit, 0 errors, 1 left on base; Canton 4 - Paris 4
TOP OF THE 10TH
Canton Indians batting - Pitching for Paris Cubs : RHP Ryohei Uda
Batting: LHB Rich Walker 0-0: Called Strike
0-1: Foul Ball, location: 2F
0-2: Ball
1-2: Strikes out looking
Batting: RHB Kenzo Shinoda 0-0: Called Strike
0-1: Foul Ball, location: 2F
0-2: SINGLE (Groundball, 6MD, EV 104.4 MPH)
Batting: RHB Carlos Abrego 0-0: Called Strike
0-1: Ball
1-1: Called Strike
1-2: Foul Ball, location: 2F
1-2: Strikes out swinging
Kenzo Shinoda steals 2nd base
Batter strikes out.
Batting: LHB Dave Key 0-0: Called Strike
0-1: Ground out 4-3 (Groundball, 4, EV 108.1 MPH)
Top of the 10th over - 0 runs, 1 hit, 0 errors, 1 left on base; Canton 4 - Paris 4
BOTTOM OF THE 10TH
Paris Cubs batting - Pitching for Canton Indians : RHP Nate Souza
Batting: LHB Hiroki Yamamoto 0-0: Ground out 5-3 (Groundball, 5D, EV 88.1 MPH)
Batting: RHB Alvaro Romero 0-0: Ball
1-0: Foul Ball, location: 2F
1-1: Called Strike
1-2: Fly out, F4 (Popup, 3S, EV 85.6 MPH)
Batting: RHB Du Kim 0-0: Ball
1-0: Foul Ball, location: 2F
1-1: Ball
2-1: Foul Ball, location: 2F
2-2: Foul Ball, location: 2F
2-2: Fly out, F5 (Popup, 5DF, EV 61.9 MPH)
Bottom of the 10th over - 0 runs, 0 hits, 0 errors, 0 left on base; Canton 4 - Paris 4
TOP OF THE 11TH
Canton Indians batting - Pitching for Paris Cubs : RHP Ryohei Uda
Batting: LHB Shane Montalvo 0-0: Called Strike
0-1: Ball
1-1: Ball
2-1: Swinging Strike
2-2: Fly out, F9 (Flyball, 9S, EV 82.5 MPH)
Batting: RHB Kevin Trull 0-0: Fly out, F9 (Line Drive, 9, EV 95.0 MPH)
Batting: RHB John Bianconi 0-0: Ball
1-0: Called Strike
1-1: Reached on error, E6 (Groundball, 6, EV 99.4 MPH)
Batting: RHB Steve Gusman 0-0: Fly out, F8 (Flyball, 8RM, EV 90.6 MPH)
Top of the 11th over - 0 runs, 0 hits, 1 error, 1 left on base; Canton 4 - Paris 4
BOTTOM OF THE 11TH
Paris Cubs batting - Pitching for Canton Indians : RHP Nate Souza
Batting: RHB Ricardo Aguinaga 0-0: Ball
1-0: TRIPLE (Line Drive, 78XD, EV 108.8 MPH)
Batting: RHB Denis Rachin 0-0: Ball
1-0: Ball
2-0: Foul Ball, location: 2F
2-1: SINGLE (Groundball, 6, EV 101.9 MPH)
Ricardo Aguinaga scores
Bottom of the 11th over - 1 run, 2 hits, 0 errors, 0 left on base; Canton 4 - Paris 5
Game Over ... Paris defeats Canton, 5 to 4
Thursday, March 31st , 2022 - OOTP Baseball 22.12 Build 89